 Dungeon Crawl Stone Soup version 0.30-b1-2-g02819fbbbe (webtiles) character file.

Game seed: 14252913311685063744

102 Mesmaeker13 the Digger (level 4, -3/33 HPs)
             Began as a Demigod Earth Elementalist on June 18, 2023.
             Slain by a scorpion (6 damage)
             ... on level 3 of the Dungeon.
             The game lasted 00:02:39 (2021 turns).

Mesmaeker13 the Digger (Demigod Earth Elementalist) Turns: 2021, Time: 00:02:41

Health: -3/33      AC:  2    Str: 15    XL:     4   Next: 25%
Magic:  3/10       EV: 13    Int: 21    God:
Gold:   198        SH:  0    Dex: 14    Spells: 4/8 levels left

rFire   . . .        h - +0 battleaxe
rCold   . . .        (shield currently unavailable)
rNeg    . . .        a - +0 robe
rPois   .            (helmet restricted)
rElec   .            (no cloak)
rCorr   +            (no gloves)
SInv    .            (no boots)
Will    .....        (no amulet)
Stlth   ++           f - +6 ring of strength
HPRegen 0.25/turn    g - ring of resist corrosion
MPRegen 0.12/turn

%: no passive effects
@: lethally poisoned (-3 -> -12)
A: high MP 1, forlorn, divine attributes, horns 2, sense surroundings 1
a: no special abilities


You were on level 3 of the Dungeon.
You visited 1 branch of the dungeon, and saw 3 of its levels.

You collected 198 gold pieces.

Inventory:

Hand Weapons
 c - a +0 dagger
 h - a +0 battleaxe (weapon)
Armour
 a - a +0 robe (worn)
Jewellery
 f - a +6 ring of strength (left hand)
 g - a ring of resist corrosion (right hand)
 l - a ring of positive energy
Scrolls
 d - a scroll of immolation
 k - a scroll of brand weapon {unknown}
 m - a scroll of vulnerability {unknown}
 n - a scroll of blinking
 o - a scroll of fear {unknown}
 p - a scroll of enchant armour {unknown}
 q - a scroll of poison {unknown}
 r - a scroll of teleportation {unknown}
Potions
 b - 3 potions of magic
 e - 3 potions of berserk rage
 i - a potion of attraction {unknown}
 j - a potion of mutation


   Skills:
 + Level 2.9 Dodging
 - Level 1.7 Stealth
 + Level 2.7 Spellcasting
 - Level 0.8 Transmutations
 + Level 3.5 Earth Magic


You had 4 spell levels left.
You knew the following spells:

 Your Spells              Type           Power      Damage    Failure   Level
a - Sandblast             Erth           34%        2d9       3%          1
b - Stone Arrow           Conj/Erth      20%        3d8       21%         3

Your spell library contained the following spells:

 Spells                   Type           Power      Damage    Failure   Level
 Passwall                 Tmut/Erth      10%        N/A       9%          2
 Petrify                  Tmut/Erth      12%        N/A       50%         4


Dungeon Overview and Level Annotations

Branches:
Dungeon (3/15)


Innate Abilities, Weirdness & Mutations

You have an increased reservoir of magic. (+10% MP)
You shall have no god before yourself.
Your divine heritage dramatically boosts your attributes as you level up.
You have a pair of horns on your head.
You passively map a small area around you.


Message History

The scorpion is severely wounded.
The scorpion barely misses you. The scorpion stings you.
You are poisoned.
The scorpion poisons you!
Casting: Sandblast (safe; 3% risk of failure)
Confirm with . or Enter, or press ? or * to list all spells.
Aiming: Sandblast (safe; 3% risk of failure)
Press: ? - help, Shift-Dir - straight line, f/p - scorpion
Aim: a scorpion (severely wounded, 82% to hit)
The blast of sand hits the scorpion.
The scorpion is severely wounded.
You feel very sick. The scorpion stings you. The scorpion misses you.
Casting: Sandblast (safe; 3% risk of failure)
Confirm with . or Enter, or press ? or * to list all spells.
Aiming: Sandblast (safe; 3% risk of failure)
Press: ? - help, Shift-Dir - straight line, f/p - scorpion
Aim: a scorpion (severely wounded, 82% to hit)
The blast of sand hits the scorpion.
The scorpion is almost dead.
You feel sick. The scorpion stings you.
You are lethally poisoned!
The scorpion poisons you! The scorpion barely misses you.
Casting: Sandblast (safe; 3% risk of failure)
Confirm with . or Enter, or press ? or * to list all spells.
Aiming: Sandblast (safe; 3% risk of failure)
Press: ? - help, Shift-Dir - straight line, f/p - scorpion
Aim: a scorpion (almost dead, 82% to hit)
The blast of sand hits the scorpion.
The scorpion is almost dead.
* * * LOW HITPOINT WARNING * * *
You feel very sick. The scorpion barely misses you.
It was a potion of mutation.
You feel extremely strange.
You feel a strange attunement to the structure of the dungeons.
A pair of horns grows on your head! The horns on your head grow some more.
* * * LOW HITPOINT WARNING * * *
You feel very sick. The scorpion stings you.
You die...

#....# #.....
#....# ######....#
#....#..... *
####...#....#
....#...##.###
###..~..#...>.....
#@s.~♣ #..†###.##
#.#..~..#...# #..#
#.# ....#...# ##.#
#.# *####...# .#
#.## ##.## .#
#..#######.#####.#
##.............#.#
######........#..
#........#*


You could see a scorpion.

Vanquished Creatures
  An orc wizard (D:3)
  3 adders (D:2)
  2 worms
  An orc (D:3)
  2 ball pythons
  3 endoplasms
  5 giant cockroaches
  3 goblins
  2 hobgoblins (D:3)
  3 jackals (D:2)
  5 bats
  3 frilled lizards
  4 kobolds
  2 rats
39 creatures vanquished.

Notes
Turn   | Place    | Note
-------+----------+-------------------------------------------
     0 | D:1      | Mesmaeker13 the Demigod Earth Elementalist began the quest
                  | for the Orb.
     0 | D:1      | Reached XP level 1. HP: 14/14 MP: 5/5
   428 | D:1      | Reached XP level 2. HP: 20/20 MP: 5/7
   917 | D:2      | Reached skill level 3 in Earth Magic
  1156 | D:2      | Reached XP level 3. HP: 26/26 MP: 6/9
  1388 | D:2      | Learned a level 3 spell: Stone Arrow
  1782 | D:3      | Reached XP level 4. HP: 25/33 MP: 4/10
  2021 | D:3      | Gained mutation: You passively map a small area around you.
                  | [potion of mutation]
  2021 | D:3      | Gained mutation: You have a pair of small horns on your
                  | head. [potion of mutation]
  2021 | D:3      | Gained mutation: You have a pair of horns on your head.
                  | [potion of mutation]
  2021 | D:3      | Slain by a scorpion

Illustrated notes

Levels and vault maps discovered:
D:1:      minmay_arrival_radiant_lines, layout_basic, wad_floor_pattern_1
D:2:      layout_rooms
D:3:      layout_rooms, mainiacjoe_overflow_paths, kennysheep_generic_room_13

Skill      XL: |  1  2 |
---------------+-------+-----
Dodging        | 2 |  2.9
Spellcasting   | 2 |  2.7
Earth Magic    | 3 |  3.5
Stealth        | |  1.7
Transmutations | |  0.8

Action                     |  1- 3 |  4- 6 || total
---------------------------+-------+-------++-------
  Melee: Battleaxe         |    10 |       ||    10
   Cast: Sandblast         |    49 |    16 ||    65
    Use: Scroll            |     3 |       ||     3
         Potion            |       |     1 ||     1
 Armour: Robe              |     7 |     1 ||     8
  Dodge: Dodged            |    24 |     7 ||    31
